 Dungeon Crawl Stone Soup version 0.23.1 (webtiles) character file.

Game seed: 6278219196338334582

514 Borgoz the Cutter (level 7, -8/59 HPs)
             Began as a Ghoul Monk on Mar 17, 2019.
             Mangled by Blork the orc
             ... wielding a +6 scimitar of holy wrath
              (11 damage)
             ... on level 4 of the Dungeon.
             The game lasted 00:08:54 (3236 turns).

Borgoz the Cutter (Ghoul Monk)                      Turns: 3236, Time: 00:08:55

Health: -8/59      AC:  8    Str: 20    XL:     7   Next: 20%
Magic:  6/6        EV: 12    Int: 10    God:
Gold:   148        SH:  0    Dex: 12    Spells: 6/6 levels left

rFire    . . .     SeeInvis .   a - +0 short sword
rCold    + . .     Gourm    .   (no shield)
rNeg     + + +     Faith    .   d - +0 ring mail
rPois    ∞         Spirit   .   (no helmet)
rElec    .         Reflect  .   (no cloak)
rCorr    .         Harm     .   (no gloves)
MR       .....                  m - +2 pair of boots
Stlth    ++........             (no amulet)
HPRegen  0.00/turn              (no ring)
MPRegen  0.10/turn              o - +4 ring of intelligence

@: mighty, rotting
A: rotting body, claws 1, carnivore, cold resistance 1, negative energy
resistance 3, inhibited regeneration, torment resistance, unbreathing
a: no special abilities


You were on level 4 of the Dungeon.
You were not hungry.

You visited 1 branch of the dungeon, and saw 5 of its levels.
You also visited: Sewer.

You collected 148 gold pieces.

Inventory:

Hand Weapons
 a - a +0 short sword (weapon)
Missiles
 h - 6 tomahawks (quivered)
Armour
 d - a +0 ring mail (worn)
 m - a +2 pair of boots (worn)
Jewellery
 b - an uncursed ring of ice
 o - a +4 ring of intelligence (right claw)
Scrolls
 e - 3 scrolls of teleportation
 g - a scroll of blinking
 j - a scroll of remove curse
 k - a scroll of identify
 l - a scroll of enchant weapon
 n - 2 scrolls of fog {unknown}
Potions
 f - a potion of cancellation
 q - a potion of curing {unknown}
 r - 2 potions of magic {unknown}
 s - 4 potions of flight {unknown}
 t - a potion of might
Comestibles
 c - 6 rations
 p - 2 chunks of flesh


   Skills:
 + Level 4.2 Fighting
 * Level 4.3 Short Blades
 * Level 3.2 Armour
 * Level 4.2 Dodging
 + Level 3.6 Stealth


You had 6 spell levels left.
You didn't know any spells.
Your spell library was empty.

Dungeon Overview and Level Annotations

Branches:
Dungeon (5/15)
 Temple: D:4-7

Altars:
Cheibriados
Fedhas
Okawaru
Wu Jian
Yredelemnul
The Shining One

Annotations:
D:4 Blork the orc


Innate Abilities, Weirdness & Mutations

Your body is rotting away.
You thrive on raw meat.
You are immune to poison.
You have sharp fingernails.
You are carnivorous and can eat meat at any time.
Your flesh is cold resistant. (rC+)
You are immune to negative energy. (rN+++)
You do not regenerate when monsters are visible.
You are immune to unholy pain and torment.
You can survive without breathing.


Message History

Blork the orc hits you with a +6 scimitar of holy wrath!
You convulse!
You hit Blork the orc but do no damage.
Blork the orc is lightly wounded.
Blork the orc casts a spell at you. The puff of flame hits you.
* * * LOW HITPOINT WARNING * * *
You feel much better.
Blork the orc hits you with a +6 scimitar of holy wrath.
You convulse.
You feel very mighty all of a sudden.
Blork the orc hits you with a +6 scimitar of holy wrath!
You convulse!
* * * LOW HITPOINT WARNING * * *
You puncture Blork the orc!
Blork the orc is heavily wounded.
You barely miss Blork the orc.
Blork the orc is heavily wounded.
Blork the orc hits you with a +6 scimitar of holy wrath!
You die...

#..#########..# #....
#..≈≈≈≈≈≈##...# #....
##..≈...≈≈##..# #.... #####
##≈≈≈≈≈≈..#..####...
#....#########..#.........
#....#..≈≈≈≈≈≈..#...##..(.
..#.$..≈≈.≈.≈≈.≈≈##.........
#.......≈###########........
###........@o...............
###.##..###...#...........
#. ##.# #...#........... #
... ................
..........#..##....#.
##.###........##...... #.
................. #.
................. ......#.<


You could see Blork the orc.

Vanquished Creatures
  2 big kobolds (Sewer)
  4 orc wizards
  An iguana (D:4)
  2 worker ants (D:4)
  9 adders
  2 worms
  2 dart slugs
  2 leopard geckos (D:4)
  12 orcs
  5 giant cockroaches
  10 hobgoblins
  4 jackals (D:1)
  13 kobolds
  A quokka (D:3)
  9 bats
  2 frilled lizards
  5 goblins
  19 rats
104 creatures vanquished.

Notes
Turn   | Place    | Note
-------+----------+-------------------------------------------
     0 | D:1      | Borgoz the Ghoul Monk began the quest for the Orb.
     0 | D:1      | Reached XP level 1. HP: 19/19 MP: 0/0
   376 | D:1      | Reached XP level 2. HP: 25/25 MP: 1/1
   644 | D:1      | Reached XP level 3. HP: 24/31 MP: 2/2
   696 | D:1      | Reached skill level 1 in Armour
   806 | D:2      | Found an ornate altar of the Wu Jian Council.
   868 | D:2      | Found a glowing golden altar of the Shining One.
   870 | D:2      | Found a snail-covered altar of Cheibriados.
  1249 | D:2      | Found a blossoming altar of Fedhas.
  1291 | D:2      | Found an iron altar of Okawaru.
  1336 | D:2      | Reached XP level 4. HP: 18/39 MP: 3/3
  1717 | D:3      | Reached XP level 5. HP: 30/45 MP: 4/4
  2034 | D:3      | Found a basalt altar of Yredelemnul.
  2120 | D:4      | Reached XP level 6. HP: 41/52 MP: 5/5
  2285 | D:5      | Entered Level 5 of the Dungeon
  2565 | D:4      | Found a glowing drain.
  2586 | Sewer    | Entered a sewer
  2985 | Sewer    | Reached XP level 7. HP: 53/59 MP: 6/6
  3218 | D:4      | Noticed Blork the orc
  3236 | D:4      | Mangled by Blork the orc

Skill      XL: |  1  2  3  4  5  6 |
---------------+-------------------+-----
Short Blades   | 3 4 |  4.3
Dodging        | 3 4 |  4.2
Armour         | 1 2 3 |  3.2
Stealth        | 3 |  3.6
Fighting       | 4 |  4.2

Action                   |  1- 3 |  4- 6 |  7- 9 || total
-------------------------+-------+-------+-------++-------
Melee: Short sword       |   239 |   412 |    71 ||   722
  Use: Scroll            |     4 |     5 |       ||     9
       Potion            |       |     3 |     2 ||     5
 Stab: Sleeping          |     6 |     4 |       ||    10
       Confused          |       |     1 |       ||     1
  Eat: Chunk             |    11 |    22 |     4 ||    37
Armor: Ring mail         |   106 |   124 |    15 ||   245
Dodge: Dodged            |   126 |   192 |    25 ||   343
